 Dungeon Crawl Stone Soup version 0.27.1-35-g4d5d836560 (webtiles) character file.

Game seed: 9880676019482279773

25 cbfl8 the Shield-Bearer (level 2, -5/27 HPs)
             Began as a Minotaur Fighter on July 11, 2022.
             Slain by a gnoll (8 damage)
             ... on level 2 of the Dungeon.
             The game lasted 00:01:26 (960 turns).

cbfl8 the Shield-Bearer (Minotaur Fighter)           Turns: 960, Time: 00:01:27

Health: -5/27      AC:  7    Str: 20    XL:     2   Next: 86%
Magic:  1/1        EV:  7    Int:  5    God:
Gold:   18         SH:  9    Dex:  9    Spells: 1/1 levels left

rFire    . . .     SeeInvis .   a - +0 war axe
rCold    . . .     Faith    +   c - +0 kite shield
rNeg     . . .     Spirit   .   b - +0 scale mail
rPois    .         Reflect  .   (helmet restricted)
rElec    .         Harm     .   f - scarf {repulsion}
rCorr    .         Rampage  .   (no gloves)
Will     .....                  (no boots)
Stlth    ..........             j - amulet of faith
HPRegen  0.09/turn              (no ring)
MPRegen  0.07/turn              (no ring)

@: repel missiles
A: horns 2, retaliatory headbutt
a: no special abilities


You were on level 2 of the Dungeon.
You visited 1 branch of the dungeon, and saw 2 of its levels.

You collected 18 gold pieces.

Inventory:

Hand Weapons
 a - a +0 war axe (weapon)
Armour
 b - a +0 scale mail (worn)
 c - a +0 kite shield (worn)
 f - a scarf of repulsion (worn)
Jewellery
 j - an amulet of faith (around neck)
Scrolls
 i - 2 scrolls of blinking {unknown}
 k - 2 scrolls of fear {unknown}
Potions
 d - 2 potions of might
 e - a potion of berserk rage {unknown}
 g - a potion of lignification {unknown}
 h - a potion of curing {unknown}
 l - a potion of cancellation {unknown}
 m - a potion of flight {unknown}


   Skills:
 + Level 3.9 Fighting
 + Level 2.8 Axes
 + Level 4.1 Armour
 + Level 0.2 Dodging
 + Level 4.1 Shields


You had one spell level left.
You didn't know any spells.
Your spell library was empty.

Dungeon Overview and Level Annotations

Branches:
Dungeon (2/15)

Altars:


Innate Abilities, Weirdness & Mutations

You have a pair of horns on your head.
You reflexively headbutt those who attack you in melee.


Message History

You see here a viscous blue potion.
You block the goblin's attack.
A goblin comes into view. It is wielding a +0 dagger.
The gnoll barely misses you. The goblin hits you but does no damage.
You barely miss the goblin.
The goblin shouts!
You hit the endoplasm. You block the endoplasm's attack.
The goblin completely misses you. You furiously retaliate!
You headbutt the goblin. The gnoll barely misses you.
You slash the goblin!
You kill the goblin!
You hit the endoplasm.
You kill the endoplasm!
You block the gnoll's attack. x2
Your Armour skill increases to level 4!
The gnoll hits you with a +0 halberd.
A frilled lizard comes into view.
Things that are here:
a +0 club; a goblin corpse The frilled lizard hisses angrily.
You hit the gnoll but do no damage. Your headbutt misses the gnoll.
You closely miss the goblin. The goblin hits you with a +0 dagger.
You block the gnoll's attack. You block the goblin's attack.
You closely miss the gnoll. Your headbutt misses the gnoll.
You hit the goblin but do no damage. The gnoll hits you with a +0 halberd.
The goblin hits you but does no damage. The gnoll hits you with a +0 halberd.
You closely miss the gnoll. You barely miss the goblin.
You closely miss the frilled lizard. The goblin hits you with a +0 dagger.
The frilled lizard bites you but does no damage.
The gnoll hits you with a +0 halberd!
* * * LOW HITPOINT WARNING * * *
The goblin hits you but does no damage. You block the frilled lizard's attack.
You block the gnoll's attack.
You are too injured to fight recklessly!
You hit the gnoll.
The gnoll is lightly wounded.
You closely miss the goblin. You closely miss the frilled lizard.
You block the goblin's attack. You block the frilled lizard's attack.
The gnoll hits you with a +0 halberd!
You die...

#......[........
##..........#####
..............#
####.........<#
#..........#
##......>.##
#........>.#
#......!...####
#......@g......#
#......gl..###.#
#..............
##?.........#..
##....####.# #
###... .# #... ?#
##..


You could see a gnoll, a goblin and a frilled lizard.

Vanquished Creatures
  A dart slug (D:1)
  4 endoplasms
  A giant cockroach (D:1)
  3 hobgoblins (D:1)
  A quokka (D:1)
  3 bats (D:1)
  4 frilled lizards (D:1)
  2 goblins
  2 kobolds (D:1)
  2 rats (D:1)
23 creatures vanquished.

Notes
Turn   | Place    | Note
-------+----------+-------------------------------------------
     0 | D:1      | cbfl8 the Minotaur Fighter began the quest for the Orb.
     0 | D:1      | Reached XP level 1. HP: 19/19 MP: 0/0
   427 | D:1      | Reached XP level 2. HP: 27/27 MP: 1/1
   960 | D:2      | Slain by a gnoll

Illustrated notes

Levels and vault maps discovered:
D:1:      dpeg_arrival_simpleton_b, layout_basic
D:2:      layout_rooms, minmay_tetromino_i4

Skill      XL: |  1  2 |
---------------+-------+-----
Shields        | 4 |  4.1
Armour         | 4 |  4.1
Fighting       | |  3.9
Axes           | |  2.8
Dodging        | |  0.2

Action                   || total
-------------------------++-------
Melee: War axe           ||    45
       Headbutt          ||     3
Armor: Scale mail        ||    26
Dodge: Dodged            ||    24
       Repelled          ||     1
Block: Kite shield       ||    42
